Map: Prion Terraces

Players

Parkson - Winner!

  • Race: Terran Terran
  • League: Master

Noctis

  • Race: Protoss Protoss
  • League: Master

VOD

Have the link to the VOD?

Description

Time

  • Played on: March 13, 2016, 12:43 a.m.
  • Length: 12:23
Show
View Real Time Build Order
Export as new Build Order

Parkson Terran - Winner!

Build Orders: Reaper Expand, MMM Bio 

Get SALT Encoding   

  12  0:01  SCV  
  13  0:14  SCV  
  14  0:18  Supply Depot  
  14  0:26  SCV  
  15  0:39  SCV  
  15  0:41  Barracks  
  16  0:46  Refinery  
  16  0:51  SCV  
  17  1:04  SCV  
  18  1:16  SCV  
  19  1:30  Orbital Command  
  19  1:31  Reaper  
  20  1:49  Command Center  
  20  1:57  SCV  
  21  2:05  Barracks  
  21  2:08  Barracks Reactor  
  21  2:11  SCV  
  22  2:23  SCV  
  23  2:33  Factory  
  23  2:39  Refinery  
  23  2:40  Supply Depot  
  23  3:00  Marine x2, SCV  
  23  3:02  Barracks Tech Lab  
  26  3:08  Orbital Command  
  26  3:12  SCV  
  26  3:18  Marine x2, Starport  
  29  3:22  Marine  
  29  3:25  SCV  
  31  3:30  Widow Mine  
  33  3:35  SCV  
  33  3:36  Engineering Bay  
  33  3:37  SCV  
  33  3:40  Marine  
  36  3:45  Stimpack  
  36  3:47  SCV  
  37  3:49  SCV  
  38  3:55  Marine x2  
  38  3:58  Supply Depot  
  38  3:59  SCV  
  38  4:01  SCV  
  42  4:03  Marine  
  42  4:04  Medivac  
  42  4:06  Widow Mine  
  46  4:11  Supply Depot  
  46  4:13  SCV  
  47  4:20  SCV  
  47  4:23  Marine x2  
  50  4:28  Barracks, Missile Turret  
  50  4:32  Refinery  
  50  4:37  Missile Turret  
  50  4:38  SCV  
  50  4:42  Marine x2  
  50  4:45  Starport Reactor, Widow Mine  
  53  4:46  Marine  
  53  4:51  SCV x2  
  58  4:59  Marine  
  58  5:02  Refinery  
  58  5:03  SCV x2  
  58  5:07  Supply Depot  
  61  5:10  Marine  
  61  5:15  SCV  
  61  5:17  Barracks Tech Lab  
  61  5:18  Marine x2  
  64  5:26  Medivac x2  
  64  5:27  Factory Reactor  
  68  5:28  Terran Infantry Weapons Level 1  
  68  5:30  SCV  
  68  5:32  SCV  
  68  5:33  Marine  
  71  5:37  Marine  
  71  5:38  Marauder, Combat Shields  
  71  5:42  Supply Depot, SCV  
  75  5:49  Marine  
  76  5:51  Marine  
  76  5:52  Concussive Shells  
  76  5:55  Marine  
  78  6:03  Medivac x2, Marine  
  83  6:07  Marine  
  83  6:11  Supply Depot  
  84  6:13  Marine  
  81  6:26  Missile Turret  
  81  6:31  Marauder, Marine x2  
  83  6:36  Marine  
  83  6:37  Widow Mine  
  83  6:38  Widow Mine  
  86  6:45  SCV  
  86  6:46  SCV  
  84  6:48  Command Center  
  84  6:49  Missile Turret, Marauder  
  84  6:50  Marine  
  87  6:55  Marine  
  87  6:57  SCV  
  87  6:58  SCV  
  87  6:59  Marine  
  91  7:08  Marine  
  91  7:10  Marine, SCV x2  
  93  7:19  Marine  
  94  7:23  Marauder  
  94  7:24  Medivac  
  94  7:25  Medivac  
  91  7:34  Marauder, Supply Depot, Marine  
  93  7:37  Marine  
  94  7:46  Widow Mine  
  94  7:55  Medivac  
  94  7:56  Marauder, Marine  
  99  8:03  Supply Depot  
  99  8:04  Terran Infantry Armor Level 1  
  99  8:08  Barracks x2  
  99  8:10  Orbital Command  
  99  8:11  SCV  
  100  8:20  SCV  
  100  8:25  Marine  
  100  8:27  Armory  
  102  8:28  Engineering Bay  
  102  8:30  Marauder, Marine  
  105  8:43  Marine  
  105  8:44  Marauder  
  105  8:47  Marine  
  109  8:51  Supply Depot  
  109  8:52  Marauder, SCV  
  109  8:53  SCV x2  
  114  9:01  Marine  
  115  9:03  Marine x2  
  115  9:04  SCV  
  115  9:05  Marauder, SCV  
  118  9:13  Marauder  
  118  9:15  Marine  
  105  9:17  Liberator x2  
  105  9:19  Marine  
  105  9:24  Marine x2  
  101  9:27  Marauder  
  91  9:33  Marine  
  91  9:34  Marauder  
  91  9:37  Marine, Starport  
  98  9:39  SCV  
  98  9:47  Barracks Tech Lab  
  98  9:48  Marauder, Barracks Tech Lab  
  98  9:49  Terran Infantry Weapons Level 2  
  98  9:51  Terran Ship Weapons Level 1  
  98  9:52  SCV x2  
  102  9:53  SCV  
  102  9:56  Marauder, Marine x2  
  107  10:00  Liberator  
  107  10:04  SCV x2  
  107  10:06  SCV  
  107  10:07  Liberator  
  110  10:10  Marauder  
  110  10:13  Supply Depot  
  112  10:15  Marine  
  112  10:16  SCV  
  112  10:17  Marauder  
  117  10:25  SCV  
  121  10:32  Marine  
  121  10:33  Marauder x2, Liberator, Refinery  
  126  10:39  Marine  
  126  10:40  Marauder  
  129  10:43  Liberator  
  129  10:44  Liberator  
  129  10:56  Command Center  
  132  10:59  Barracks  
  132  11:02  SCV  
  139  11:05  Marine  
  139  11:06  Refinery  
  140  11:12  Marauder  
  140  11:14  Marine  
  140  11:16  Marauder  
  141  11:20  Marine  
  141  11:24  Marauder  
  141  11:37  Marauder  
  141  11:38  Marine x3  
  141  11:43  Marine  
  141  11:46  Marauder  
  119  11:56  Marine x3  
  119  11:58  Marine  
  115  12:02  Marauder  
  114  12:13  Barracks Tech Lab  
  114  12:15  Barracks  
Show
View Real Time Build Order
Export as new Build Order

Noctis Protoss 

Build Orders: 1 Gate Expand 

Get SALT Encoding   

  12  0:01  Probe (Chrono Boost)  
  13  0:11  Probe (Chrono Boost)  
  14  0:17  Pylon  
  14  0:22  Probe (Chrono Boost)  
  16  0:35  Probe (Chrono Boost)  
  16  0:37  Gateway  
  16  0:46  Probe (Chrono Boost)  
  17  0:56  Probe (Chrono Boost)  
  18  1:07  Probe (Chrono Boost)  
  19  1:16  Nexus  
  19  1:24  Assimilator  
  19  1:27  Probe (Chrono Boost)  
  20  1:36  Cybernetics Core  
  20  1:39  Probe (Chrono Boost)  
  21  1:44  Pylon  
  21  1:51  Probe (Chrono Boost)  
  21  1:54  Assimilator  
  22  2:02  Probe (Chrono Boost)  
  23  2:12  Probe (Chrono Boost)  
  23  2:13  Adept  
  26  2:20  Warp Gate (Chrono Boost)  
  26  2:23  Probe  
  26  2:28  Probe  
  28  2:35  Probe  
  28  2:36  Pylon  
  29  2:40  Probe  
  30  2:47  Mothership Core  
  30  2:50  Probe  
  33  3:05  Probe, Twilight Council  
  33  3:08  Probe  
  33  3:09  Assimilator  
  35  3:17  Probe  
  36  3:20  Probe  
  36  3:24  Pylon  
  37  3:28  Probe  
  37  3:33  Probe  
  39  3:36  Robotics Facility  
  39  3:38  Probe  
  39  3:39  Gateway  
  39  3:40  Gateway  
  40  3:45  Probe  
  40  3:47  Assimilator  
  41  3:49  Probe  
  42  4:06  Probe  
  42  4:07  Probe  
  42  4:08  Dark Shrine  
  44  4:16  Blink, Probe  
  44  4:19  Pylon, Probe  
  44  4:22  Pylon  
  46  4:24  Observer (Chrono Boost)  
  46  4:27  Probe  
  46  4:31  Pylon  
  48  4:35  Pylon  
  48  4:37  Probe x2  
  49  4:43  Warp Prism (Chrono Boost)  
  52  4:51  Stalker x3  
  58  5:13  Pylon  
  58  5:14  Nexus  
  58  5:15  Pylon  
  58  5:17  Observer (Chrono Boost)  
  58  5:21  Stalker x3  
  59  5:26  Probe  
  59  5:27  Probe  
  61  5:37  Probe  
  61  5:38  Observer (Chrono Boost)  
  61  5:39  Probe  
  64  5:44  Dark Templar x3  
  70  5:55  Probe  
  70  5:56  Probe  
  72  6:10  Probe  
  72  6:12  Probe  
  73  6:24  Stalker x3  
  77  6:29  Probe  
  77  6:30  Probe x2  
  80  6:40  Probe  
  80  6:43  Probe  
  80  6:51  Probe  
  80  6:54  Observer (Chrono Boost)  
  80  6:56  Probe  
  80  7:00  Robotics Facility  
  81  7:05  Templar Archives  
  81  7:07  Gateway  
  81  7:09  Gateway  
  81  7:10  Dark Templar  
  81  7:11  Forge, Dark Templar  
  81  7:12  Forge  
  81  7:13  Immortal (Chrono Boost)  
  85  7:24  Stalker  
  84  7:38  Pylon  
  84  7:39  Dark Templar  
  75  7:55  Stalker x2, Immortal (Chrono Boost)  
  87  8:03  Immortal (Chrono Boost)  
  87  8:10  Probe  
  87  8:11  Nexus  
  87  8:12  Probe  
  89  8:13  Pylon, Protoss Ground Weapons Level 1  
  89  8:14  Protoss Ground Armor Level 1  
  88  8:27  Zealot  
  88  8:32  Pylon  
  90  8:37  Dark Templar x2, Zealot  
  90  8:38  Zealot  
  102  8:42  Immortal (Chrono Boost)  
  102  8:48  Probe  
  102  8:50  Probe  
  102  8:52  High Templar  
  104  8:57  Assimilator  
  104  8:59  Probe  
  104  9:02  Probe  
  98  9:17  Dark Templar x2  
  100  9:30  Dark Templar  
  101  9:33  Nexus  
  97  9:47  Psionic Storm  
  97  9:52  Nexus  
  95  10:00  Pylon  
  95  10:18  Immortal, Pylon  
  95  10:19  Pylon  
  99  10:28  High Templar  
  99  10:35  Pylon x2  
  101  10:38  High Templar  
  101  10:40  High Templar  
  105  10:57  Dark Templar  
  105  10:58  Zealot  
  109  11:05  Dark Templar  
  109  11:17  Stalker x2, Probe  
  111  11:18  Probe  
  111  11:19  Probe x2  
  111  11:24  Photon Cannon  
  113  11:28  High Templar  
  113  11:30  Probe  
  114  11:33  Gateway  
  110  11:46  Stalker  
  110  11:47  Stalker x2  
  91  11:55  Stalker  
  75  12:05  Stalker  
  73  12:13  Stalker  
  73  12:14  Stalker x2  
Tags
 
Add a new tag
Caveats
  • Supply blocks, unpowered buildings, or Contaminate may cause inaccurate times.
  • Supply counts are checked every 10 seconds.